 Dungeon Crawl Stone Soup version 0.23.0 (webtiles) character file.

Game seed: 15566266458952181955

31 TheOrbIsALie the Slasher (level 3, -2/28 HPs)
             Began as a Gnoll Wanderer on Feb 22, 2019.
             Slain by an adder (4 damage)
             ... on level 2 of the Dungeon.
             The game lasted 00:02:34 (1144 turns).

TheOrbIsALie the Slasher (Gnoll Wanderer)           Turns: 1144, Time: 00:02:35

Health: -2/28      AC:  2    Str: 15    XL:     3   Next: 22%
Magic:  0/4        EV: 11    Int: 15    God:
Gold:   40         SH:  0    Dex: 13    Spells: 2/3 levels left

rFire    + . .     SeeInvis .   e - +0 club
rCold    + . .     Gourm    .   (no shield)
rNeg     . . .     Faith    .   d - +0 robe
rPois    .         Spirit   .   (no helmet)
rElec    .         Reflect  .   a - scarf {rC+ rF+}
rCorr    .         Harm     .   (no gloves)
MR       .....                  (no boots)
Stlth    ++........             (no amulet)
HPRegen  0.09/turn              (no ring)
MPRegen  0.09/turn              (no ring)

@: lethally poisoned (-2 -> -4), very slightly contaminated
A: distributed training, fangs 1, strong nose
a: no special abilities


You were on level 2 of the Dungeon.
You were hungry.

You visited 1 branch of the dungeon, and saw 2 of its levels.

You collected 40 gold pieces.

Inventory:

Hand Weapons
 e - a +0 club (weapon)
Armour
 a - a scarf of resistance (worn)
 d - a +0 robe (worn)
Comestibles
 f - a ration


   Skills:
 + Level 2.5 Fighting
 + Level 0.6 Short Blades
 + Level 6.5 Long Blades
 + Level 0.6 Axes
 + Level 0.6 Maces & Flails
 + Level 0.6 Polearms
 + Level 0.6 Staves
 + Level 0.6 Slings
 + Level 0.6 Bows
 + Level 0.6 Crossbows
 + Level 0.6 Throwing
 + Level 0.6 Armour
 + Level 0.6 Dodging
 + Level 2.3 Stealth
 + Level 2.5 Shields
 + Level 0.6 Unarmed Combat
 + Level 0.6 Spellcasting
 + Level 2.1 Conjurations
 + Level 3.7 Hexes
 + Level 0.4 Charms
 + Level 0.4 Summonings
 + Level 0.4 Necromancy
 + Level 0.4 Translocations
 + Level 0.4 Transmutations
 + Level 0.4 Fire Magic
 + Level 0.4 Ice Magic
 + Level 0.4 Air Magic
 + Level 0.4 Earth Magic
 + Level 0.4 Poison Magic
 + Level 0.8 Invocations
 + Level 2.5 Evocations


You had 2 spell levels left.
You knew the following spells:

 Your Spells              Type           Power        Failure   Level  Hunger
a - Magic Dart            Conj           #...         11%         1    ##.....

Your spell library contained the following spells:

 Spells                   Type           Power        Failure   Level  Hunger
 Searing Ray              Conj           #.....       16%         2    ###....
 Dazzling Spray           Conj/Hex       #.....       22%         3    ####...
 Fulminant Prism          Conj/Hex       #.........   58%         4    #####..
 Iskenderun's Mystic Bla  Conj           #.......     71%         4    #####..
 Force Lance              Conj/Tloc      #.......     83%         4    #####..


Dungeon Overview and Level Annotations

Branches:
Dungeon (1/15)

Altars:
Hepliaklqana


Innate Abilities, Weirdness & Mutations

Your experience applies equally to all skills.
You have very sharp teeth.
Your uncanny sense of smell can sniff out nearby items.


Message History

Confirm with . or Enter, or press ? or * to list all spells.
Aiming: Magic Dart (safe; 12% risk of failure)
Press: ? - help, Shift-Dir - straight line, f/p - adder
Aim: an adder (almost dead)
The magic dart hits the adder.
You kill the adder!
You have reached level 3!
Your experience leads to an increase in your attributes!
Increase (S)trength, (I)ntelligence, or (D)exterity?
You feel clever.
You miss the adder. The adder bites you.
You are poisoned.
The adder poisons you! The adder bites you.
You barely miss the adder.
You feel sick. The adder bites you.
* * * LOW HITPOINT WARNING * * *
The adder bites you.
* * * LOW HITPOINT WARNING * * *
You aren't carrying any potions.
You closely miss the adder. The adder bites you.
You die...

##########...########
#...@S...>.#..S.)...#
#.########...######.#
##.########## #.#
############..........(########.#
........).)...########...........
...##########.# #.#######.รท#
##.# #.# #.# #..# ##.# ## #.# #.#
#..# #.g###.... ... [.# #..#


You could see an adder.

Vanquished Creatures
  An adder (D:2)
  A ball python (D:1)
  2 giant cockroaches
  5 hobgoblins
  3 jackals (D:2)
  2 bats
  3 goblins (D:2)
  3 rats
20 creatures vanquished.

Notes
Turn   | Place    | Note
-------+----------+-------------------------------------------
     0 | D:1      | TheOrbIsALie the Gnoll Wanderer began the quest for the
                  | Orb.
     0 | D:1      | TheOrbIsALie set off with the following items: a potion of
                  | lignification, a potion of curing, a +0 robe, a +0 club, a
                  | ration; and the following spell memorised: Magic Dart; and
                  | the following spells available to memorise: Searing Ray,
                  | Dazzling Spray, Fulminant Prism, Iskenderun's Mystic Blast,
                  | Force Lance
     0 | D:1      | Reached XP level 1. HP: 17/17 MP: 2/2
   451 | D:1      | Reached XP level 2. HP: 22/23 MP: 0/3
   473 | D:1      | You fall through a shaft!
   509 | D:2      | Found a hazy altar of Hepliaklqana.
  1141 | D:2      | Reached XP level 3. HP: 16/28 MP: 0/4
  1144 | D:2      | Slain by an adder

Skill      XL: |  1 |
---------------+----+-----
Conjurations   | 2 |  2.1
Fighting       | |  2.5
Short Blades   | |  0.6
Long Blades    | |  6.5
Axes           | |  0.6
Maces & Flails | |  0.6
Polearms       | |  0.6
Staves         | |  0.6
Slings         | |  0.6
Bows           | |  0.6
Crossbows      | |  0.6
Throwing       | |  0.6
Armour         | |  0.6
Dodging        | |  0.6
Stealth        | |  2.3
Shields        | |  2.5
Unarmed Combat | |  0.6
Spellcasting   | |  0.6
Hexes          | |  3.7
Charms         | |  0.4
Summonings     | |  0.4
Necromancy     | |  0.4
Translocations | |  0.4
Transmutations | |  0.4
Fire Magic     | |  0.4
Ice Magic      | |  0.4
Air Magic      | |  0.4
Earth Magic    | |  0.4
Poison Magic   | |  0.4
Invocations    | |  0.8
Evocations     | |  2.5

Action                   || total
-------------------------++-------
Melee: Club              ||    76
       Bite              ||     5
 Cast: Magic Dart        ||    22
  Use: Potion            ||     3
 Stab: Sleeping          ||     1
  Eat: Chunk             ||     1
Armor: Robe              ||    27
       Skin              ||    22
Dodge: Dodged            ||    69
